 Dungeon Crawl Stone Soup version 0.32-a0-329-ge6c31236d6 (console) character file.

Game seed: 29605120249876201

1999324 elliptic the Slayer (level 24, 266/266 (282) HPs)
             Began as a Troll Delver on Feb 15, 2024.
             Was the Champion of Dithmenos.
             Escaped with the Orb
             ... and 3 runes
             ... and 1 gem on Feb 17, 2024!
             The game lasted 02:51:06 (51327 turns).

elliptic the Slayer (Troll Delver)                 Turns: 51327, Time: 02:51:06

HP:   266/266 (282) AC: 34    Str: 45    XL:     24   Next: 81%
MP:   36/36         EV:  7    Int:  5    God:    Dithmenos [******]
Gold: 3898          SH: 17    Dex: 10    Spells: 23/23 levels left

rFire   + +          .
                       - Unarmed
rCold   + . .        y - +0 tower shield
rNeg    + . .        A - +5 gold dragon scales {nodragon}
rPois   +            F - +0 mask of the Dragon {Will+ Slay+3 SInv}
rElec   .            L - +2 cloak {rPois}
rCorr   .            (gloves unavailable)
SInv    +            (boots unavailable)
Will    ++...        o - amulet of regeneration Stlth
                     W - ring of Amarphen {rN+ AC+4}
HPRegen 2.24/turn    v - +6 ring of strength
MPRegen 0.25/turn

%: no passive effects
@: hasted, wreathed by umbra, studying Throwing, drained, very quick
A: large, unfitting armour, claws 3, regeneration 1, shaggy fur 1, tough skin 1,
fire resistance 1, high MP 1, strong 1
0: Orb of Zot
}: 3/15 runes: decaying, silver, gossamer
a: Renounce Religion, Shadow Step, Shadow Form


You escaped.
You worshipped Dithmenos.
Dithmenos was exalted by your worship.
You visited 11 branches of the dungeon, and saw 51 of its levels.
You also visited: Sewer, Gauntlet, Ice Cave, Volcano and Wizlab.

You collected 7801 gold pieces.
You spent 3903 gold pieces at shops.


Innate Abilities, Weirdness & Mutations

You are too large for most types of armour.
You have claws for hands.
Your natural rate of healing is unusually fast.
You are covered in fur. (AC +1)
You have tough skin. (AC +1)
Your flesh is heat resistant. (rF+)
You have an increased reservoir of magic. (+10% MP)
Your muscles are strong. (Str +4, Int/Dex -1)


   Skills:
 + Level 24.2 Fighting
 - Level 15.0 Armour
 - Level 6.0 Dodging
 - Level 2.7 Stealth
 - Level 15.0 Shields
 - Level 22.0 Unarmed Combat
 - Level 15.0 Invocations


You had 23 spell levels left.
You didn't know any spells.
Your spell library contained the following spells:

 Spells                   Type           Power      Damage    Failure   Level
 Apportation              Tloc           0%         N/A       99%         1
 Foxfire                  Conj/Fire      0%         2x1d4     99%         1
 Magic Dart               Conj           0%         1d3       99%         1
 Sandblast                Erth           0%         2d4       99%         1
 Slow                     Hex            0%         N/A       99%         1
 Blink                    Tloc           0%         N/A       100%        2
 Call Imp                 Summ           0%         N/A       100%        2
 Cigotuvi's Dreadful Rot  Necr/Alch/Air  0%         N/A       100%        2
 Ensorcelled Hibernation  Hex/Ice        0%         N/A       100%        2
 Jinxbite                 Hex            0%         N/A       100%        2
 Momentum Strike          Conj/Tloc      0%         3d8       100%        2
 Scorch                   Fire           0%         2d5       100%        2
 Searing Ray              Conj           0%         2d4       100%        2
 Call Canine Familiar     Summ           0%         N/A       100%        3
 Confusing Touch          Hex            0%         N/A       100%        3
 Hailstorm                Conj/Ice       0%         3d5       100%        3
 Inner Flame              Hex/Fire       0%         N/A       100%        3
 Ozocubu's Armour         Ice            0%         N/A       100%        3
 Passwall                 Erth           0%         N/A       100%        3
 Sigil of Binding         Hex            0%         N/A       100%        3
 Stone Arrow              Conj/Erth      0%         3d7       100%        3
 Summon Ice Beast         Ice/Summ       0%         N/A       100%        3
 Swiftness                Air            0%         N/A       100%        3
 Tukima's Dance           Hex            0%         N/A       100%        3
 Vampiric Draining        Necr           0%         2d6       100%        3
 Animate Armour           Summ/Erth      0%         N/A       100%        4
 Animate Dead             Necr           0%         N/A       100%        4
 Brom's Barrelling Bould  Conj/Erth      0%         2d3       100%        4
 Dimensional Bullseye     Hex/Tloc       0%         N/A       100%        4
 Dispel Undead            Necr           0%         3d6       100%        4
 Flame Wave               Conj/Fire      0%         2d4       100%        4
 Fulminant Prism          Conj/Alch      0%         3d5       100%        4
 Iskenderun's Mystic Bla  Conj/Tloc      0%         2d3       100%        4
 Leda's Liquefaction      Alch/Erth      0%         N/A       100%        4
 Manifold Assault         Tloc           0%         N/A       100%        4
 Martyr's Knell           Necr/Summ      0%         N/A       100%        4
 Sticky Flame             Fire/Alch      0%         2d4       100%        4
 Summon Lightning Spire   Summ/Air       0%         N/A       100%        4
 Alistair's Intoxication  Alch           0%         N/A       100%        5
 Borgnjor's Vile Clutch   Necr/Erth      0%         N/A       100%        5
 Irradiate                Conj/Alch      0%         3d11      100%        5
 Iskenderun's Battlesphe  Conj           0%         2d6       100%        5
 Lee's Rapid Deconstruct  Erth           0%         3d4*      100%        5
 Metabolic Englaciation   Hex/Ice        0%         N/A       100%        5
 Bombard                  Conj/Erth      0%         9d1       100%        6
 Conjure Ball Lightning   Conj/Air       0%         3x3d6     100%        6
 Death Channel            Necr           0%         N/A       100%        6
 Dispersal                Tloc           0%         N/A       100%        6
 Eringya's Noxious Bog    Alch           0%         4d6       100%        6
 Plasma Beam              Fire/Air       0%         2x1d10    100%        6
 Sculpt Simulacrum        Ice/Alch       0%         N/A       100%        6
 Starburst                Conj/Fire      0%         6d3       100%        6
 Summon Cactus Giant      Summ           0%         N/A       100%        6
 Spellforged Servitor     Conj/Summ      0%         N/A       100%        7
 Discord                  Hex            0%         N/A       100%        8
 Disjunction              Tloc           0%         N/A       100%        8
 Ignition                 Fire           0%         3d3       100%        8
 Lehudib's Crystal Spear  Conj/Erth      0%         10d2      100%        8

Inventory:

Missiles
 n - 13 curare-tipped darts (quivered)
Armour
 y - a +0 tower shield (worn)
 A - +5 gold dragon scales (worn) {nodragon}
 D - the +10 tower shield of Ignorance {rN+ Int-4}
   (You bought it in a shop on level 2 of the Dungeon)

   Int-4:     It affects your intelligence (-4).
   rN+:       It protects you from negative energy.
 F - the +0 mask of the Dragon (worn) {Will+ Slay+3 SInv}
   (You found it on level 4 of the Spider Nest)

   Slay+3:    It affects your accuracy & damage with ranged weapons and melee
   (+3).
   Will+:     It increases your willpower.
   SInv:      It lets you see invisible.
 L - a +2 cloak of poison resistance (worn)
 X - a scarf of resistance
Magical Staves
 q - a staff of air
Jewellery
 g - a +5 ring of evasion
 l - a ring of see invisible
 o - an amulet of regeneration (around neck)
 v - a +6 ring of strength (right claw)
 B - a +6 ring of intelligence
 H - a ring of resist corrosion
 I - the ring of Sloth {rF+ rN+ Int-2 Dex+6 SInv}
   (You found it on level 3 of the Crypt)

   [ring of positive energy]

   Int-2:     It affects your intelligence (-2).
   Dex+6:     It affects your dexterity (+6).
   rF+:       It protects you from fire.
   rN+:       It protects you from negative energy.
   SInv:      It lets you see invisible.
 K - a ring of poison resistance
 S - the ring of Wokumpuss {rC+ rN+ Stlth+}
   (You found it on level 3 of the Crypt)

   [ring of positive energy]

   rC+:       It protects you from cold.
   rN+:       It protects you from negative energy.
   Stlth+:    It makes you more stealthy.
 W - the ring of Amarphen (left claw) {rN+ AC+4}
   (You found it in a Gauntlet)

   [ring of protection]

   AC+4:      It affects your AC (+4).
   rN+:       It protects you from negative energy.
Wands
 f - a wand of digging (11)
 k - a wand of acid (39)
 t - a wand of iceblast (51)
Scrolls
 b - 3 scrolls of fog
 d - 8 scrolls of teleportation
 J - 3 scrolls of butterflies
 M - 2 scrolls of fear
 N - 12 scrolls of poison
 Q - 5 scrolls of silence {!r}
 R - 3 scrolls of immolation
Potions
 a - 5 potions of berserk rage {!q}
 c - 3 potions of enlightenment
 e - 11 potions of haste
 h - 14 potions of mutation {!q}
 i - 7 potions of ambrosia
 j - 9 potions of brilliance
 m - 3 potions of magic
 r - 6 potions of attraction
 u - 21 potions of curing
 G - 10 potions of might
 T - 10 potions of heal wounds
 U - 2 potions of resistance
 Z - 4 potions of invisibility
Miscellaneous
 Y - a lightning rod (4/4)


Message History

There is a stone staircase leading down here.
An Orb Guardian comes into view.
The Orb Guardian barely misses you.
You mangle the Orb Guardian!!
The Orb Guardian is moderately wounded.
You block the Orb Guardian's attack.
You mangle the Orb Guardian!!
The Orb Guardian is heavily wounded.
The Orb Guardian barely misses you.
You eviscerate the Orb Guardian!!!!
You kill the Orb Guardian!
Dithmenos accepts your kill.
No target in view!
No target in view!
(D) Dungeon (T) Temple (L) Lair (S) Swamp (N) Spider Nest (M) Slime Pits (O) Orcish Mines (E) Elven Halls (V) Vaults (C) Crypt (W) Tomb (U) Depths (H) Hell (Z) Zot
Where to? (Tab/Enter - D:3 @ (x,y), ? - help) HP restored.
There is a stone staircase leading up here.
You climb upwards.
There is a stone staircase leading down here.
There is a stone staircase leading up here.
You feel yourself speed up.
You climb upwards.
There is a stone staircase leading down here.
You see here 6 poisoned darts.
You see here a +0 short sword.
A sun demon comes into view.
The sun demon shouts!
Aiming: Dig
Press: ? - help, Shift-Dir - straight line, f - you Please select a direction to dig.
This square is wreathed by an umbra and is covered in magical glow.
The rock shatters into small pieces.
The sun demon attacks as it pursues you!
You block the sun demon's attack.
There is a staircase leading out of the dungeon here.
You have escaped!

### #####.########.#####.# ..#
#.................##.#
#.######.####.##'#######.##.#
.#.....#.#.............#.##.#
#.######.#.##.########.#.##.#
#.######.#.#.........#.#.##.#
#......#.#.#..######.#.#.##.#
######.#.#(#.......#.#.#.##.#
######...#.....3@..#...#....#
.......#.#.#.#.....#.#.#.##.#
######.#.#.#.###.###.#.#.#..#
#.#.#.#.........#.#.####
#.#.#.###########.#.#
#.#.#.............#.#
#.#.#######'#######.#
######.#.................#
....##.####.########.############


You could see a sun demon.

Vanquished Creatures
  Frederick (Depths:4)
  3 dread liches
  An orb of fire (Zot:2)
  Xtahua (Depths:3)
  Boris (twice) (Vaults:1 Crypt:1)
  Sojobo (Crypt:1)
  A pandemonium lord (Depths:4)
  Vv (Crypt:2)
  Saint Roka (Crypt:1)
  7 golden dragons
  Nikola (Spider:3)
  A bone dragon (Depths:4)
  Arachne (Spider:2)
  Rupert (Spider:1)
  3 tentacled monstrosities
  Asterion (Spider:1)
  3 Orb Guardians
  2 quicksilver dragons
  7 titans (Vaults:5)
  3 deep elf master archers (WizLab)
  10 liches
  A walking earthen tome (Depths:4)
  5 sphinxes
  Agnes (Spider:2)
  5 tengu reavers
  A death cob (Zot:4)
  2 ancient champions
  A shadow dragon (Zot:1)
  Aizul (Spider:1)
  Donald (Elf:3)
  7 revenants
  3 thorn hunters
  5 storm dragons
  A draconian monk (Zot:1)
  6 fire giants
  8 frost giants
  2 protean progenitors (Zot:1)
  2 draconian knights
  3 fenstrider witches (WizLab)
  A deep elf sorcerer (Vaults:5)
  5 ghost moths
  2 iron dragons
  5 curse skulls
  2 orc warlords
  A draconian scorcher (Zot:3)
  4 spectral caustic shrikes (Depths:4)
  Louise (Swamp:3)
  A cacodemon (Gauntlet)
  13 vault wardens
  A reaper (IceCv)
  3 draconian stormcallers (Zot:1)
  2 draconian annihilators
  11 ghouls
  12 stone giants
  3 formless jellyfish
  The ghost of Beno the Reanimator, a journeyman HuNe of Nemelex Xobeh (Elf:1)
  14 ironbound preservers
  3 deep elf demonologists
  18 very ugly things
  3 green draconians
  6 vampire knights
  6 eleionomae
  2 deep elf death magi (Crypt:2)
  6 ironbound thunderhulks
  2 bunyips (Swamp:3)
  A dire elephant (Vaults:4)
  8 spark wasps
  A deep elf annihilator (Vaults:5)
  A lorocyproca (Depths:2)
  3 purple draconians
  4 war gargoyles
  A minotaur (Gauntlet)
  Azrael (D:12)
  2 white draconians
  8 eidola
  12 ettins
  Snorg (D:12)
  A blizzard demon (Depths:1)
  3 green deaths
  7 jiangshi
  4 shambling mangroves
  Josephine (D:14)
  A crystal guardian (Vaults:1)
  7 fire dragons
  Erolcha (Orc:1)
  2 deep elf high priests (Vaults:5)
  6 great orbs of eyes
  35 vault guards
  Harold (D:9)
  12 yaktaur captains
  8 entropy weavers
  3 peacekeepers
  A catoblepas (Lair:3)
  2 hell beasts
  5 rakshasas
  A salamander tyrant (Depths:2)
  A caustic shrike simulacrum (Depths:1)
  14 hydras
  9 ice dragons
  A quicksilver dragon skeleton (Crypt:3)
  2 spriggan air magi
  A ghost crab (Swamp:4)
  13 boulder beetles
  2 spriggan skeletons (Depths:1)
  3 death knights
  12 alligators
  5 radroaches
  3 ironbound frosthearts
  8 centaur warriors
  17 two-headed ogres
  34 dancing weapons
  5 jorogumos
  A merfolk avatar (Lair:5)
  5 satyrs (WizLab)
  5 ogre magi
  11 tengu warriors
  3 vampire magi
  8 deep troll shamans
  6 deep troll earth magi
  6 occultists
  14 demonic crawlers
  11 orc high priests
  14 deep elf knights
  A spriggan berserker (Swamp:2)
  2 naga sharpshooters (WizLab)
  7 hell knights
  9 iron trolls
  3 skysharks
  A storm dragon skeleton (Crypt:1)
  16 skeletal warriors
  A spectral spark wasp (Depths:2)
  5 goliath frogs
  4 soul eaters
  2 shadow wraiths
  2 pharaoh ants
  3 flayed ghosts
  39 deep trolls
  18 orb spiders
  2 sun moths (Spider:4)
  A death drake (Gauntlet)
  A quicksilver dragon simulacrum (Depths:2)
  6 arcanists
  14 swamp dragons
  A glowing orange brain (Depths:4)
  2 sea snakes (Lair:5)
  2 shadow demons
  12 phantasmal warriors
  7 spriggan druids
  12 bog bodies
  A steelbarb worm (shapeshifter) (Depths:3)
  19 deep elf archers
  Pikel (D:9)
  4 lindwurms
  An anaconda skeleton (Crypt:1)
  4 steelbarb worms
  A shadow dragon skeleton (Crypt:3)
  2 spectral wolf spiders (Gauntlet)
  29 ironbound convokers
  36 deep elf zephyrmancers
  5 necromancers
  5 orc sorcerers
  39 deep elf pyromancers
  7 harpies
  7 orc knights
  2 cyclopes
  An alligator zombie (Crypt:2)
  4 fauns (WizLab)
  An oklob plant (WizLab)
  6 manticores
  4 will-o-the-wisps
  50 ugly things
  12 moths of wrath
  35 wolf spiders
  10 elephants
  An eleionoma skeleton (Crypt:3)
  A fire giant skeleton (Crypt:1)
  3 large abominations (Swamp:4)
  A formless jellyfish zombie (Crypt:3)
  2 smoke demons (Volcano)
  4 meliai
  2 ice statues (IceCv)
  5 black mambas
  11 vault sentinels
  A centaur zombie (Gauntlet)
  Joseph (D:7)
  A minotaur zombie (Gauntlet)
  Maggie (D:6)
  3 unseen horrors
  8 torpor snails
  A hellion (D:14)
  3 centaur skeletons
  5 rime drakes
  10 cane toads
  3 orange demons (Swamp:4)
  26 yaktaurs
  16 komodo dragons
  A spark wasp simulacrum (Depths:1)
  A tormentor (Depths:4)
  A tengu conjurer (D:15)
  An alligator snapping turtle skeleton (Crypt:1)
  A yellow draconian skeleton (Crypt:1)
  5 ice devils (IceCv)
  4 anaconda simulacra (IceCv)
  2 efreet
  7 freezing wraiths
  3 red devils
  A purple draconian skeleton (Crypt:1)
  A guardian mummy (Crypt:3)
  A queen bee (D:15)
  11 tyrant leeches
  A bloated husk (Swamp:3)
  A queen bee (shapeshifter) (Vaults:5)
  A guardian serpent (shapeshifter) (Vaults:5)
  7 trolls
  A polar bear (Lair:1)
  A wolf spider simulacrum (Gauntlet)
  An iron troll skeleton (Crypt:1)
  27 hornets
  2 glass eyes
  18 tarantellas
  A dream sheep (Orc:2)
  A tarantella (shapeshifter) (Vaults:5)
  12 blink frogs
  A blink frog (shapeshifter) (Elf:2)
  A raiju (Gauntlet)
  24 jumping spiders
  2 snapping turtles (Lair:5)
  A fire dragon skeleton (Crypt:2)
  3 centaur simulacra
  19 spriggans
  22 culicivoras
  5 shadows
  63 slime creatures
  3 air elementals (Elf:1)
  3 dire elephant simulacra (IceCv)
  A satyr skeleton (Crypt:3)
  An elf skeleton (Vaults:4)
  A spriggan (shapeshifter) (D:12)
  10 wyverns
  An elf zombie (Vaults:4)
  3 water elementals
  12 wraiths
  7 wargs (Orc:2)
  5 basilisks
  3 humans (D:13)
  40 yaks
  7 fire elementals
  55 redbacks
  8 steam dragons
  17 vampire mosquitoes
  A small abomination (Swamp:4)
  A harpy simulacrum (IceCv)
  2 hydra simulacra (IceCv)
  A naga (shapeshifter) (Elf:1)
  14 water moccasins
  10 swamp worms
  An acid dragon (D:11)
  A spectral hornet (Gauntlet)
  A glowing shapeshifter skeleton (Vaults:4)
  2 hell hounds
  A lindwurm zombie (Crypt:3)
  A water nymph skeleton (Crypt:3)
  6 swamp drakes
  A sky beast (shapeshifter) (Elf:1)
  An ettin simulacrum (Vaults:4)
  An ice dragon simulacrum (Crypt:1)
  17 laughing skulls
  3 black bears
  29 orc warriors
  A sky beast (D:7)
  A swamp dragon zombie (Crypt:2)
  9 boggarts
  14 ogres
  An elephant zombie (Crypt:3)
  A blink frog skeleton (Crypt:2)
  12 centaurs
  A phantom (D:5)
  2 kobold brigands
  3 lemures (D:9)
  5 necrophages
  10 bullfrogs
  A rime drake skeleton (Crypt:2)
  A wyvern zombie (Crypt:1)
  2 earth elementals
  2 scorpions
  12 wights
  A hornet simulacrum (Gauntlet)
  22 killer bees
  4 howler monkeys
  An elephant simulacrum (IceCv)
  An electric eel (Orc:2)
  A troll skeleton (Crypt:1)
  3 bombardier beetles
  26 orc priests
  A jelly (D:5)
  An iguana (D:6)
  A sleepcap (D:6)
  30 orc wizards
  Natasha (thrice) (D:4)
  A polar bear simulacrum (IceCv)
  A troll simulacrum (IceCv)
  An ice beast zombie (Crypt:2)
  A naga zombie (Crypt:1)
  2 naga skeletons
  12 mummies (Crypt:3)
  A gnoll (D:1)
  3 river rats (Lair:3)
  A steam dragon zombie (Crypt:2)
  10 adders
  2 naga simulacra (IceCv)
  2 shadow imps
  A white imp (D:5)
  2 ufetubi (D:6)
  2 ribbon worms (D:7)
  9 dart slugs
  120 orcs
  15 ball pythons
  4 bats
  5 endoplasms
  19 giant cockroaches
  2 goblins
  5 hobgoblins
  10 jackals
  13 kobolds
  6 quokkas
  A dart slug zombie (Crypt:1)
  12 frilled lizards
  A frilled lizard zombie (Crypt:2)
  5 rats
  A rat skeleton (Crypt:3)
  An aspiring flesh (Zot:1)
2131 creatures vanquished.

Vanquished Creatures (others)
  A deep elf zephyrmancer (Elf:1)
  An unseen horror (D:11)
  A hornet (Swamp:3)
  A spriggan (Swamp:3)
  A vampire mosquito (Spider:4)
  3 orcs (Orc:1)
  A giant cockroach zombie (Crypt:1)
  12 foxfires
21 creatures vanquished.

Grand Total: 2152 creatures vanquished

Notes
Turn   | Place    | Note
-------+----------+-------------------------------------------
     0 | D:5      | elliptic the Troll Delver began the quest for the Orb.
     0 | D:5      | Reached XP level 1. HP: 22/22 MP: 0/0
    72 | D:5      | Reached XP level 2. HP: 19/29 MP: 1/1
   116 | D:5      | Noticed a scorpion
   129 | D:5      | Reached skill level 3 in Unarmed Combat
   195 | D:2      | Found Iwuywni's Antique Armour Emporium.
   202 | D:2      | Reached XP level 3. HP: 36/36 MP: 2/2
   767 | D:1      | Reached XP level 4. HP: 44/44 MP: 3/3
  1996 | D:3      | oh
  1996 | D:3      | uh
  1998 | D:3      | Reached XP level 5. HP: 17/50 MP: 4/4
  2035 | D:3      | Identified the +6 whip of the Crafting Salmon {freeze,
                  | rPois Will+ Stlth+}
  2089 | D:2      | Bought a translucent robe for 171 gold pieces
  2089 | D:2      | Identified the +2 robe "Qutu" {-Tele rN+ Dex+2} (You bought
                  | it in a shop on level 2 of the Dungeon)
  2470 | D:4      | Found an ancient bone altar of Kikubaaqudgha.
  2614 | D:4      | Reached skill level 6 in Unarmed Combat
  2842 | D:4      | Noticed Natasha
  2845 | D:4      | Killed Natasha
  2918 | D:4      | Noticed Natasha
  2923 | D:4      | Killed Natasha
  2924 | D:4      | Reached XP level 6. HP: 54/59 MP: 5/5
  2956 | D:4      | Noticed Natasha
  2959 | D:4      | Killed Natasha
  3148 | D:5      | Reached skill level 3 in Fighting
  3157 | D:5      | Reached XP level 7. HP: 58/67 MP: 6/6
  3699 | D:6      | Noticed Maggie
  3717 | D:6      | Killed Maggie
  3718 | D:6      | Reached skill level 9 in Unarmed Combat
  3748 | D:6      | Reached XP level 8. HP: 73/75 MP: 7/7
  3775 | D:6      | Found Meorghirr's Armour Shop.
  3802 | D:6      | Found a staircase to the Ecumenical Temple.
  3811 | Temple   | Entered the Ecumenical Temple
  3884 | Temple   | Became a worshipper of Dithmenos the Shadowed
  4052 | D:6      | Found a glowing drain.
  4056 | Sewer    | Entered a sewer
  4168 | Sewer    | Reached * piety under Dithmenos
  4381 | Sewer    | Reached skill level 4 in Fighting
  4959 | D:7      | Noticed a manticore
  4963 | D:7      | Killed a manticore
  4964 | D:7      | Reached XP level 9. HP: 74/84 MP: 8/8
  5219 | D:7      | Reached skill level 12 in Unarmed Combat
  5220 | D:7      | Found a shimmering blue altar of Sif Muna.
  5631 | D:7      | Reached ** piety under Dithmenos
  5752 | D:7      | Noticed a moth of wrath
  5755 | D:7      | Found a bloodstained altar of Trog.
  5889 | D:7      | Noticed Joseph
  5909 | D:7      | Killed Joseph
  5910 | D:7      | Reached skill level 5 in Fighting
  6268 | D:8      | Found Jonasud's Fire Supplies.
  6606 | D:8      | Reached XP level 10. HP: 93/98 MP: 9/9
  6614 | D:8      | Reached skill level 6 in Fighting
  7174 | D:9      | Noticed Pikel
  7208 | D:9      | Killed Pikel
  7258 | D:9      | Reached *** piety under Dithmenos
  7307 | D:9      | Noticed Harold
  7314 | D:9      | Killed Harold
  7360 | D:9      | Found a staircase to the Lair.
  7466 | D:9      | Reached skill level 15 in Unarmed Combat
  7789 | D:9      | Noticed a two-headed ogre
  7789 | D:9      | Noticed a two-headed ogre
  7801 | D:9      | Killed a two-headed ogre
  7802 | D:9      | Reached skill level 7 in Fighting
  7802 | D:9      | Reached XP level 11. HP: 107/109 MP: 10/10
  7825 | D:9      | Killed a two-headed ogre
  7826 | D:9      | Reached skill level 3 in Dodging
  8000 | D:10     | Entered Level 10 of the Dungeon
  8073 | D:10     | Found a basalt altar of Yredelemnul.
  8080 | D:10     | Found a sacrificial altar of Ru.
  8252 | D:10     | Reached **** piety under Dithmenos
  8965 | D:11     | Noticed a two-headed ogre
  8972 | D:11     | Killed a two-headed ogre
  9345 | D:11     | Noticed a cyan ugly thing
  9363 | D:11     | Killed a cyan ugly thing
  9384 | D:11     | Noticed a boulder beetle
  9510 | D:11     | Killed a boulder beetle
  9592 | D:11     | Noticed a two-headed ogre
  9598 | D:11     | Killed a two-headed ogre
  9599 | D:11     | Reached skill level 8 in Fighting
  9599 | D:11     | Reached XP level 12. HP: 99/119 MP: 11/11
  9622 | D:11     | Noticed a two-headed ogre
  9625 | D:11     | Killed a two-headed ogre
  9783 | D:11     | Noticed a boulder beetle
  9789 | D:11     | Killed a boulder beetle
  9941 | D:11     | Reached ***** piety under Dithmenos
 10183 | D:12     | Found a staircase to the Orcish Mines.
 10265 | D:12     | Noticed a boulder beetle
 10274 | D:12     | Killed a boulder beetle
 10483 | D:12     | Reached skill level 18 in Unarmed Combat
 10505 | D:12     | Found a frozen archway.
 10524 | IceCv    | Entered an ice cave
 10636 | IceCv    | Reached skill level 9 in Fighting
 10977 | IceCv    | Noticed a reaper
 10984 | IceCv    | meh
 10990 | IceCv    | Killed a reaper
 11056 | D:12     | Found Huosm's Assorted Antiques.
 11272 | D:12     | Gained mutation: You have a pair of small horns on your
                  | head. [potion of mutation]
 11272 | D:12     | Gained mutation: Your muscles are strong. (Str +4, Int/Dex
                  | -1) [potion of mutation]
 11403 | D:12     | Reached XP level 13. HP: 124/131 MP: 12/12
 11523 | D:12     | Noticed Azrael
 11530 | D:12     | HP: 12/131 [Azrael/fireball (38)]
 11531 | D:12     | sigh
 11531 | D:12     | HP: 5/131 [Azrael/+3 scimitar of flaming (11)]
 11535 | D:12     | Killed Azrael
 12082 | Lair:1   | Entered Level 1 of the Lair of Beasts
 12419 | Lair:1   | Reached ****** piety under Dithmenos
 13373 | Lair:3   | Reached skill level 1 in Shields
 13448 | Lair:3   | Reached skill level 3 in Shields
 13594 | Lair:3   | Found a staircase to the Swamp.
 13737 | Lair:3   | Identified the blade talisman of Death's Door {rC+ Stlth+}
 13930 | Lair:3   | Found a hole to the Spider Nest.
 14342 | Lair:4   | Reached skill level 6 in Shields
 14400 | Lair:4   | Found a viscous altar of Jiyva.
 14804 | Lair:4   | Reached XP level 14. HP: 138/140 MP: 13/13
 15066 | Lair:5   | Entered Level 5 of the Lair of Beasts
 15084 | Lair:5   | Found a dark tunnel.
 15093 | Volcano  | Entered a volcano
 15366 | Lair:5   | Found a gate leading to a gauntlet.
 15372 | Gauntlet | Entered a Gauntlet
 15372 | Gauntlet | Found a transporter.
 15379 | Gauntlet | Found a transporter.
 15389 | Gauntlet | Found a transporter.
 15389 | Gauntlet | Found a transporter.
 15410 | Gauntlet | Identified the amulet of Eternity {Acrobat *Slow rCorr
                  | Str+7 Dex+2}
 15421 | Gauntlet | Found a transporter.
 15421 | Gauntlet | Found a transporter.
 15430 | Gauntlet | Found a transporter.
 15508 | Gauntlet | Found a transporter.
 15508 | Gauntlet | Found a transporter.
 15508 | Gauntlet | Found a transporter.
 15510 | Gauntlet | Identified the +6 morningstar of Lamoagh {antimagic, Will+}
 15521 | Gauntlet | Found a transporter.
 15531 | Gauntlet | Reached skill level 9 in Shields
 15566 | Gauntlet | Found a transporter.
 15566 | Gauntlet | Found a transporter.
 15572 | Gauntlet | Identified the +0 pair of gloves of Riso {^Contam rCorr
                  | Dex+3}
 15572 | Gauntlet | Noticed a cacodemon
 15584 | Gauntlet | Killed a cacodemon
 15587 | Gauntlet | Found a transporter.
 15590 | Gauntlet | Identified the ring of Amarphen {rN+ AC+4}
 15605 | Gauntlet | Identified the +5 scale mail of the Pits of Slime {^Contam
                  | rElec rPois}
 16119 | Lair:5   | Found the +2 Maxwell's thermic engine {flame, freeze, rev}
 16153 | Lair:5   | Got an earthy gem with 288 turns to spare
 16606 | Lair:4   | Found a staircase to the Slime Pits.
 16834 | Orc:1    | Entered Level 1 of the Orcish Mines
 16834 | Orc:1    | Noticed Snorg
 16863 | D:12     | Reached skill level 21 in Unarmed Combat
 16878 | D:12     | Killed Snorg
 16980 | Orc:1    | Noticed Erolcha
 16984 | Orc:1    | oh
 16987 | Orc:1    | Killed Erolcha
 17003 | Orc:1    | Noticed Maurice
 17011 | Orc:1    | Maurice changed into Maurice the water moccasin
 17011 | Orc:1    | Noticed Maurice
 17013 | Orc:1    | Killed Maurice the water moccasin
 17165 | Orc:1    | Found Mitsoc's Book Boutique.
 17271 | Orc:2    | Entered Level 2 of the Orcish Mines
 17291 | Orc:2    | Found a staircase to the Elven Halls.
 17299 | Orc:2    | Noticed Nessos
 17301 | Orc:2    | Nessos changed into Nessos the dream sheep
 17301 | Orc:2    | Noticed Nessos
 17307 | Orc:2    | Killed Nessos the dream sheep
 17347 | Orc:2    | Reached XP level 15. HP: 146/146 MP: 14/14
 17505 | Orc:2    | Found a roughly hewn altar of Beogh.
 17519 | Orc:2    | Reached skill level 10 in Fighting
 17783 | Orc:2    | Found Kiodoph's Weapon Boutique.
 17783 | Orc:2    | Found Qulullog's Antique Weapon Shop.
 18280 | Orc:2    | Found Juge's Magic Scroll Shop.
 18281 | Orc:2    | Found Dawuomet's Weapon Boutique.
 18297 | Orc:2    | Bought a scroll of teleportation for 48 gold pieces
 18385 | Orc:2    | Found a burning altar of Makhleb.
 18403 | Orc:2    | Found a roughly hewn altar of Beogh.
 18476 | Orc:2    | Bought a scroll of acquirement for 832 gold pieces
 18476 | Orc:2    | Acquired 932 gold pieces
 18779 | D:2      | Bought the +10 tower shield of Ignorance {rN+ Int-4} for
                  | 1719 gold pieces
 18779 | D:2      | Found the +10 tower shield of Ignorance {rN+ Int-4}
 19287 | D:13     | Found a gate to the Vaults.
 19518 | D:13     | Reached skill level 12 in Shields
 19557 | D:13     | Found a transporter.
 19558 | D:13     | Found an ornate altar of the Wu Jian Council.
 19558 | D:13     | Noticed a vault warden
 19577 | D:13     | Found a transporter.
 19584 | D:13     | Found a transporter.
 19588 | D:13     | Found an ornate altar of the Wu Jian Council.
 19590 | D:13     | Found a transporter.
 19706 | D:13     | Killed a vault warden
 20057 | D:14     | Noticed Josephine
 20064 | D:14     | Killed Josephine
 20303 | D:14     | Found a shadowy altar of Dithmenos.
 20631 | D:15     | Entered Level 15 of the Dungeon
 20781 | D:15     | Reached XP level 16. HP: 158/158 MP: 15/15
 21047 | D:15     | Found a staircase to the Depths.
 21402 | Spider:1 | Entered Level 1 of the Spider Nest
 21402 | Spider:1 | Identified the serpent talisman of Dogma {rN+}
 21402 | Spider:1 | Noticed Aizul
 21417 | Spider:1 | Killed Aizul
 21687 | Spider:1 | Noticed Rupert
 21707 | Spider:1 | Killed Rupert
 21831 | Spider:1 | Noticed Asterion
 21947 | Spider:1 | Reached skill level 11 in Fighting
 22148 | Spider:1 | Gained mutation: Your body sometimes deteriorates upon
                  | taking damage. [a cacodemon]
 22151 | Spider:1 | Killed Asterion
 22152 | Spider:1 | Lost mutation: You have a pair of small horns on your head.
                  | [potion of mutation]
 22152 | Spider:1 | Lost mutation: Your muscles are strong. (Str +4, Int/Dex
                  | -1) [potion of mutation]
 22152 | Spider:1 | Lost mutation: Your body sometimes deteriorates upon taking
                  | damage. [potion of mutation]
 22152 | Spider:1 | Gained mutation: Your muscles are strong. (Str +4, Int/Dex
                  | -1) [potion of mutation]
 22152 | Spider:1 | Gained mutation: You have hidden genetic potential. [potion
                  | of mutation]
 22575 | Spider:2 | Noticed Arachne
 22578 | Spider:2 | why
 22591 | Spider:2 | Killed Arachne
 22697 | Spider:2 | Noticed Agnes
 22708 | Spider:2 | Killed Agnes
 22712 | Spider:2 | Reached skill level 15 in Shields
 23032 | Spider:2 | Reached skill level 6 in Dodging
 23063 | Spider:2 | Upgraded the game from 0.32-a0-306-gfed3edf829 to
                  | 0.32-a0-314-g526f7d4993
 23065 | Spider:2 | Reached skill level 1 in Armour
 23639 | Spider:3 | Lost intelligence.
 23641 | Spider:3 | oh right oops
 23641 | Spider:3 | uh
 23642 | Spider:3 | Reached skill level 3 in Armour
 23642 | Spider:3 | okay
 23650 | Spider:2 | well
 23947 | Spider:3 | Reached XP level 17. HP: 168/170 MP: 16/16
 24239 | Spider:3 | Noticed Nikola
 24249 | Spider:3 | ow
 24255 | Spider:3 | HP: 30/170 [Nikola/arc of chain lightning (74)]
 24256 | Spider:3 | sigh
 24275 | Spider:3 | Killed Nikola
 24532 | Spider:4 | Entered Level 4 of the Spider Nest
 24590 | Spider:3 | Reached skill level 6 in Armour
 24749 | Spider:4 | Identified the +0 robe "Hizuk" {rElec SInv}
 25127 | Spider:4 | Reached skill level 12 in Fighting
 25214 | Spider:4 | Gained mutation: Your flesh is heat resistant. (rF+)
                  | [hidden potential]
 25395 | Spider:4 | hm
 25532 | Spider:4 | Reached skill level 13 in Fighting
 25800 | Spider:4 | sigh
 25800 | Spider:4 | oh I'm slow
 25800 | Spider:4 | hm
 25877 | Spider:4 | Found the +0 mask of the Dragon {Will+ Slay+3 SInv}
 25892 | Spider:4 | okay
 25923 | Spider:4 | Got a gossamer rune of Zot
 26163 | Swamp:1  | Entered Level 1 of the Swamp
 26252 | Swamp:1  | Reached skill level 14 in Fighting
 26743 | Swamp:2  | Reached XP level 18. HP: 168/189 MP: 1/17
 27455 | Swamp:3  | Found a burning altar of Makhleb.
 27500 | Swamp:3  | Reached skill level 15 in Fighting
 27804 | Swamp:3  | Noticed Louise
 27821 | Swamp:3  | Killed Louise
 28063 | Swamp:3  | Gained mutation: You have an increased reservoir of magic.
                  | (+10% MP) [hidden potential]
 28063 | Swamp:3  | Lost mutation: You have hidden genetic potential. [hidden
                  | potential expressed]
 28275 | Swamp:4  | Entered Level 4 of the Swamp
 28759 | Swamp:4  | Noticed a tentacled monstrosity
 28764 | Swamp:4  | Killed a tentacled monstrosity
 28765 | Swamp:4  | Reached skill level 16 in Fighting
 28767 | Swamp:4  | Got a decaying rune of Zot
 29286 | Elf:1    | Entered Level 1 of the Elven Halls
 29604 | Elf:1    | Reached XP level 19. HP: 202/206 MP: 19/19
 29952 | Elf:1    | Reached skill level 17 in Fighting
 29954 | Elf:1    | Found a runed translucent gate.
 29954 | Elf:1    | Found a runed translucent gate.
 29954 | Elf:1    | Found a runed translucent gate.
 29956 | Elf:1    | Noticed Beno's ghost (journeyman HuNe)
 29988 | Elf:1    | Reached skill level 1 in Invocations
 30160 | Elf:1    | Paralysed by an air elemental for 1 turns
 30313 | Elf:1    | Killed Beno's ghost
 30321 | Elf:1    | Reached skill level 3 in Invocations
 30347 | Elf:1    | Identified the +3 battleaxe of Fate {flame, rC++ Will-
                  | Str+4 Int+3}
 30381 | Elf:2    | Found Birulog's Distillery.
 30407 | Elf:2    | Bought a potion of curing for 36 gold pieces
 30407 | Elf:2    | Bought a potion of heal wounds for 60 gold pieces
 30407 | Elf:2    | Bought a potion of curing for 36 gold pieces
 30407 | Elf:2    | Bought a potion of curing for 36 gold pieces
 30407 | Elf:2    | Bought 2 potions of enlightenment for 120 gold pieces
 30507 | Elf:2    | Found Vueclit's Weapon Emporium.
 30547 | Elf:2    | Found a magical portal.
 30567 | WizLab   | Entered Eringya's Formal Garden
 30606 | WizLab   | Reached skill level 6 in Invocations
 31157 | WizLab   | Found a blossoming altar of Fedhas.
 31165 | WizLab   | Got Eringya's Guide on Congelation
 31454 | Elf:2    | Reached skill level 9 in Invocations
 31751 | Elf:2    | Found a runed translucent gate.
 31752 | Elf:2    | Found a runed translucent gate.
 31752 | Elf:2    | Found a runed translucent gate.
 32259 | Elf:2    | Reached XP level 20. HP: 191/218 MP: 29/29
 32483 | Elf:3    | Entered Level 3 of the Elven Halls
 32668 | Elf:3    | Identified the +0 ring mail of Responsibility {rC+ rCorr}
 32989 | Elf:3    | Noticed Donald
 32998 | Elf:3    | Killed Donald
 33625 | Vaults:1 | Entered Level 1 of the Vaults
 33635 | D:13     | Reached skill level 12 in Invocations
 34016 | Vaults:1 | Identified the +4 robe "Seil" {Str+7}
 34016 | Vaults:1 | Noticed Boris
 34033 | Vaults:1 | Killed Boris
 35273 | Vaults:2 | Paralysed by a formless jellyfish for 1 turns
 35588 | Vaults:2 | Found a staircase to the Crypt.
 35768 | Vaults:2 | Reached skill level 15 in Invocations
 35768 | Vaults:2 | eh
 36221 | Vaults:3 | Reached XP level 21. HP: 227/227 MP: 34/34
 36992 | Vaults:4 | Reached skill level 18 in Fighting
 38322 | Crypt:1  | Entered Level 1 of the Crypt
 38349 | Crypt:1  | Noticed Saint Roka
 38370 | Crypt:1  | Reached skill level 19 in Fighting
 38383 | Crypt:1  | Killed Saint Roka
 38631 | Crypt:1  | Noticed Sojobo
 38632 | Crypt:1  | sigh
 38639 | Crypt:1  | Paralysed by an air elemental for 1 turns
 38641 | Crypt:1  | ugh
 38644 | Crypt:1  | Paralysed by an air elemental for 1 turns
 38698 | Crypt:1  | Identified the +2 robe "Eniukho" {*Slow Str+7}
 38698 | Crypt:1  | Noticed Boris
 38726 | Crypt:1  | Killed Boris
 38876 | Crypt:1  | Killed Sojobo
 39378 | Crypt:2  | meh
 39494 | Crypt:2  | Reached skill level 20 in Fighting
 39670 | Crypt:2  | Reached skill level 9 in Armour
 39673 | Crypt:2  | Reached XP level 22. HP: 240/240 MP: 35/35
 40029 | Crypt:2  | Noticed Vv
 40044 | Crypt:2  | Killed Vv
 40526 | Crypt:3  | Entered Level 3 of the Crypt
 40763 | Crypt:3  | Found a staircase to the Tomb.
 41146 | Crypt:3  | Found the +8 frozen axe "Frostbite" {freeze, freezing
                  | cloud, *Noise Fly rC+}
 41148 | Crypt:3  | Found the +6 Majin-Bo {spellvamp, MP+6 Int+6}
 41148 | Crypt:3  | Found the +8 demon blade "Leech" {evervamp, Harm ^Drain
                  | rN+}
 41536 | Crypt:3  | Noticed a dread lich
 41536 | Crypt:3  | Noticed a dread lich
 41556 | Crypt:3  | Killed a dread lich
 41585 | Crypt:3  | Killed a dread lich
 41609 | Crypt:3  | Got the Compilation of the Roasted Compass
 41612 | Crypt:3  | Identified the +12 war axe of Articulation {elec, Str+3
                  | SInv Stlth+}
 41620 | Crypt:3  | Identified the ring "Xideass" {rN+ Will- rCorr Stlth+}
 41626 | Crypt:3  | Identified the ring "Zoaralou" {rC+ rN+}
 41626 | Crypt:3  | Identified the ring of Sloth {rF+ rN+ Int-2 Dex+6 SInv}
 41626 | Crypt:3  | Identified the ring of Wokumpuss {rC+ rN+ Stlth+}
 42003 | Depths:1 | Entered Level 1 of the Depths
 42004 | Depths:1 | Upgraded the game from 0.32-a0-314-g526f7d4993 to
                  | 0.32-a0-329-ge6c31236d6
 42145 | Depths:1 | Found a gateway to Hell.
 42247 | Depths:1 | Found a one-way gate to the infinite horrors of the Abyss.
 42309 | Depths:1 | Paralysed by a sphinx for 5 turns
 42568 | Depths:1 | Reached skill level 21 in Fighting
 43453 | Depths:2 | Found a one-way gate leading to the halls of Pandemonium.
 43469 | Depths:2 | Noticed a golden dragon
 43484 | Depths:2 | Killed a golden dragon
 43625 | Depths:2 | Reached XP level 23. HP: 239/262 MP: 36/36
 43648 | Depths:2 | Found Loucril's General Store.
 43650 | Depths:2 | Found Ikhlilaps's Assorted Antiques.
 43652 | Depths:2 | Found Pone's Antique Armour Emporium.
 43658 | Depths:2 | Bought a scroll of teleportation for 93 gold pieces
 43831 | Depths:2 | Reached skill level 22 in Fighting
 44048 | Depths:2 | Found a one-way gateway to a ziggurat.
 44321 | Depths:3 | Noticed Xtahua
 44322 | Depths:3 | hi
 44334 | Depths:3 | Killed Xtahua
 45311 | Depths:4 | Entered Level 4 of the Depths
 45318 | Depths:4 | Found an ornate altar of the Wu Jian Council.
 45319 | Depths:4 | Identified the orb of Uvuel {*channel, Regen+ Hexes}
 45319 | Depths:4 | Noticed Frederick
 45329 | Depths:4 | why
 45341 | Depths:4 | Killed Frederick
 45559 | Depths:4 | Reached skill level 23 in Fighting
 45815 | Depths:4 | Found a gate to the Realm of Zot.
 45834 | Depths:4 | yay
 46745 | Vaults:5 | Entered Level 5 of the Vaults
 46942 | Vaults:5 | Reached skill level 12 in Armour
 47210 | Vaults:5 | Noticed a dread lich
 47225 | Vaults:5 | Killed a dread lich
 47226 | Vaults:5 | Reached XP level 24. HP: 275/278 MP: 36/36
 47297 | Vaults:5 | Identified the +2 double sword of Fate {freeze, Will+ rCorr
                  | Int+2}
 47842 | Vaults:5 | Found Punuel's Book Shoppe.
 48017 | Vaults:5 | Reached skill level 15 in Armour
 48723 | Vaults:5 | Got a silver rune of Zot
 49002 | D:12     | Bought a scroll of fog for 116 gold pieces
 49177 | Orc:2    | Bought a scroll of butterflies for 64 gold pieces
 49252 | Elf:2    | Bought a potion of mutation for 96 gold pieces
 49252 | Elf:2    | Bought a potion of berserk rage for 60 gold pieces
 49252 | Elf:2    | Bought a potion of mutation for 96 gold pieces
 49486 | Depths:2 | Bought a potion of might for 88 gold pieces
 49488 | Depths:2 | Bought a scroll of revelation for 232 gold pieces
 49610 | Zot:1    | Entered Level 1 of the Realm of Zot
 50315 | Zot:2    | Noticed an orb of fire
 50316 | Zot:2    | hi
 50325 | Zot:2    | Killed an orb of fire
 50384 | Zot:3    | sigh
 50525 | Zot:3    | Reached skill level 24 in Fighting
 50611 | Zot:5    | Entered Level 5 of the Realm of Zot
 50642 | Zot:5    | Noticed an ancient lich
 50645 | Zot:5    | Noticed an ancient lich
 50645 | Zot:5    | Noticed an orb of fire
 50646 | Zot:5    | Noticed a Killer Klown
 50647 | Zot:5    | Noticed an electric golem
 50653 | Zot:5    | ...
 50657 | Zot:5    | Got the Orb of Zot
 50657 | Zot:5    | Noticed an orb of fire
 50658 | Zot:5    | Noticed an orb of fire
 50658 | Zot:5    | Noticed an orb of fire
 50659 | Zot:5    | Noticed an electric golem
 50662 | Zot:5    | Noticed a Killer Klown
 50662 | Zot:5    | Noticed a Killer Klown
 50664 | Zot:5    | Noticed a Killer Klown
 50667 | Zot:5    | Noticed an ancient lich
 50669 | Zot:5    | sigh
 50800 | Depths:4 | Noticed Zottekhlu the pandemonium lord
 50806 | Depths:4 | hm
 50816 | Depths:4 | Killed Zottekhlu the pandemonium lord
 51327 | D:$      | Escaped with the Orb!

Levels and vault maps discovered:
D:1:      matt_arrival_refuge, layout_loops_ring
D:2:      layout_rooms, serial_shops, shop
D:3:      layout_loops_ring
D:4:      layout_loops_ring, nicolae_kikubaaqudgha_miasma_corner, uniq_natasha
D:5:      layout_basic, chequers_mini_garden, nicolae_the_louvre
D:6:      layout_basic, temple_fountains, serial_shops, shop,
          gup_sewer_entry_spiral, uniq_maggie
D:7:      layout_basic, tgw_trog, lemuel_doored_altar,
          minmay_misc_feat_enclosed, dreamdust_wishing_well, uniq_joseph
D:8:      layout_basic, nicolae_shop_fire_sale [nicolae_sub_dead_trees],
          roderic_lattice_a, chequers_serial_rivers_marsh
D:9:      layout_irregular_city, lair_entry_dummy, nicolae_phantomly_mirrored,
          uniq_harold, uniq_pikel
D:10:     layout_cave_pods, minitemple, minmay_fractal_squares_5
D:11:     layout_loops_corners, special_room [special_room_orc],
          minmay_fractal_squares_diagonal_5
D:12:     layout_basic, erik_orc_1, serial_shops,
          nicolae_shop_pleasant_corner_grove, portal_ice_cave_rime,
          kennysheep_just_a_vault, uniq_azrael
D:13:     dreamdust_wu_jian_sword_trials, layout_basic,
          hellmonk_vaults_order_and_chaos, chequers_serial_rivers_micro_a
D:14:     layout_long_grid, grunt_dithmenos_smoke,
          cheibrodos_lost_city_excavation, uniq_josephine
D:15:     hellmonk_depths_entry_around_the_bend, layout_cave_pools,
          reono_crystal_passage, nicolae_looking_at_the_future
Temple:   minmay_temple_bridge_d
Lair:1:   layout_roguey
Lair:2:   layout_gridlike
Lair:3:   layout_hall_layers, mainiacjoe_swamp_entry_lozenge_pond,
          nicolae_spider_entry_orb_guardian, pond
Lair:4:   layout_regular_city, minmay_slime_entry_oklob_enclosed
Lair:5:   gammafunk_lair_ancient_temple, layout_loops_ring, enter_volcano_1,
          gauntlet_entry_generic
Swamp:1:  layout_basic_swamp, serial_swamp_ruin, evilmike_swamp_ruin_house_3,
          evilmike_swamp_ruin_house_6
Swamp:2:  layout_falls_marsh, nicolae_swamp_dense_foliage
Swamp:3:  layout_basic_swamp, evilmike_swamp_ruin_house_1, swamp_pool_1_2,
          lemuel_altar_in_water2, nicolae_swamp_treefoil, st_swamp_ruins_2,
          nicolae_swamp_decorative_isthmus, infiniplex_staircase_pool_2,
          uniq_louise
Swamp:4:  swamp_vile, layout_basic_swamp, swamp_pool_1_2
Spider:1: layout_spider_delve, nicolae_crawler_farm, uniq_rupert, uniq_aizul,
          uniq_asterion
Spider:2: layout_chambers, uniq_agnes, uniq_arachne
Spider:3: layout_spider_delve, uniq_nikola
Spider:4: johnstein_spider_rune_arachne_lair, einodemon_crawler_minivault
Orc:1:    layout_caves, serial_shops, nicolae_shop_hallway_plus, uniq_maurice,
          uniq_snorg, uniq_erolcha
Orc:2:    st_orc_town, layout_caves, regret_index_minedec_devilstone,
          elves_outpost_lemuel, uniq_nessos
Elf:1:    nicolae_elf_arrival_no_cutting_in_line, layout_loops_ring,
          gammafunk_ghost_split, hangedman_elven_crosses_minicolossus,
          grunt_ministairs_3
Elf:2:    elven_hall_of_blades_hangedman_original [nicolae_blade_tridents],
          layout_gridlike, serial_shops, shop, shop, mu_enter_wizlab_1
Elf:3:    elf_hall, layout_gridlike, basic_altar, grunt_megastairs_1,
          uniq_donald
Vaults:1: hangedman_vaults_stream, nicolae_vaults_lightning_bolt,
          nicolae_vaults_trapezoid_4, vaults_mumra_minichess,
          nicolae_vaults_more_shelving_2, nicolae_vaults_shipping_containers_3,
          vaults_room_fours, layout_vaults_chaotic_city, uniq_boris
Vaults:2: vaults_room_ringed_pool, nicolae_vaults_disjoint_gnomons,
          nicolae_vaults_cornered_office, v_misc_19,
          nicolae_vaults_closet_pinwheel_4, vaults_room_semicircle,
          hangedman_vaults_hat, minmay_crypt_entry_simple_round,
          ontoclasm_vaults_tryst, v_misc_11, nicolae_vaults_closet_pinwheel_4,
          vaults_dpeg_diagonal, grunt_vaults_hallway_short,
          layout_vaults_maze_snakey
Vaults:3: nicolae_vaults_little_guard_posts, ontoclasm_vaults_hangar,
          nicolae_vaults_trapezoid_2, v_misc_30, vaults_standard_mumra_lines,
          v_misc_28, nicolae_vaults_network_periphery, nicolae_vaults_house_3,
          grunt_vaults_diagonal, hangedman_vaults_maws, v_pattern_5,
          vaults_room_hallway, vaults_room_pool, layout_vaults_ring
Vaults:4: vaults_room_glass_cross, nicolae_vaults_border_crossing,
          nicolae_vaults_storage_closets_1, layout_vaults_quadrants
Vaults:5
Crypt:1:  layout_misc_corridors, grunt_crypt_arrival_webbed, uniq_josephina,
          uniq_sojobo, uniq_saint_roka
Crypt:2:  layout_catacombs, uniq_margery, uniq_vv
Crypt:3:  david_glass_crypt, layout_chaotic_city,
          nicolae_tomb_entry_unfolded_pyramid_orthogonal,
          nicolae_crypt_lurching_hallway
Depths:1: layout_gridlike, nicolae_abyss_entry_one_way_or_another,
          grunt_hell_entry_dis_mu, unseen_surprise_small
Depths:2: nzn_winding_woodlands_small [nzn_winding_woodlands_5x15_sidewinder,
          nzn_winding_woodlands_center_diamonds,
          nzn_winding_woodlands_5x15_pockets], layout_long_grid,
          enter_ziggurat_e, grunt_mini_vestibule, grunt_pan_entry_in_and_out,
          minmay_shop_star
Depths:3: grunt_bruiser_brothers, layout_basic, pf_hell_entry_great_geh,
          abyss_entry, infiniplex_staircase_trident, uniq_xtahua
Depths:4: evilmike_zot_entry_round, layout_basic, abyss_entry,
          pf_hell_entry_tar_river, nicolae_wu_jian_wuxing_cycle, uniq_frederick
Zot:1:    layout_basic, grunt_ministairs_10, zot_minivault_2
Zot:2:    layout_cathedral_of_symmetry, drop_trap, lemuel_elevator
Zot:3:    layout_basic, hangedman_elemental_corridor
Zot:4:    layout_misc_corridors
Zot:5:    layout_misc_corridors

Action                     |  1- 3 |  4- 6 |  7- 9 | 10-12 | 13-15 | 16-18 | 19-21 | 22-24 || total
---------------------------+-------+-------+-------+-------+-------+-------+-------+-------++-------
  Melee: Unarmed           |    49 |   113 |   254 |   477 |   955 |  1307 |  1365 |  1468 ||  5988
         Punch             |     1 |     4 |    14 |    47 |    14 |       |       |       ||    80
         Headbutt          |       |       |       |       |   176 |    70 |       |       ||   246
  Throw: Dart              |       |     1 |     4 |     9 |       |     1 |       |     1 ||    16
         Throwing net      |       |       |       |     4 |       |     4 |       |       ||     8
 Invoke: Shadow Step       |       |       |       |       |       |     4 |       |       ||     4
         Shadow Form       |       |       |       |       |       |       |     1 |     2 ||     3
  Evoke: Wand              |       |       |     9 |     3 |    27 |     3 |     1 |     5 ||    48
         Lightning rod     |       |       |       |       |     7 |     4 |     4 |       ||    15
    Use: Scroll            |     2 |    10 |     2 |     6 |     9 |     5 |    13 |    29 ||    76
         Potion            |       |       |       |     1 |     4 |    12 |     3 |    12 ||    32
   Stab: Sleeping          |     6 |     5 |     5 |     5 |    10 |    11 |    22 |     8 ||    72
         Paralysed         |       |       |       |     2 |       |       |       |       ||     2
         Distracted        |       |       |       |     1 |     5 |     4 |     2 |     1 ||    13
         Held in net/web   |       |       |       |     1 |       |     2 |       |       ||     3
         Confused          |       |       |       |       |     1 |       |       |       ||     1
         Invisible         |       |       |       |       |       |     8 |     4 |     7 ||    19
 Armour: Robe              |    21 |    48 |     8 |       |       |       |   228 |   274 ||   579
         Acid dragon scale |       |       |    81 |    26 |       |       |       |       ||   107
         Troll leather arm |       |       |       |   219 |   357 |   430 |       |       ||  1006
         Swamp dragon scal |       |       |       |       |       |   128 |   154 |       ||   282
         Gold dragon scale |       |       |       |       |       |       |       |   301 ||   301
  Dodge: Dodged            |    24 |    45 |   176 |   247 |   353 |   299 |   216 |   182 ||  1542
  Block: Kite shield       |       |       |       |       |   198 |    86 |       |       ||   284
         Tower shield      |       |       |       |       |   201 |  1397 |  1182 |  1310 ||  4090
         Reflection        |       |       |       |       |       |       |       |    39 ||    39
